puck, lawful female human Valkyrie -------- ---..--..---- |...........-- |............| ---.....)....| --- |........--- ... |... --...|.|.-- -.... --.%. --...---|.| --....- .. .^.(. |....|---.| |..@'..| -. .. |.-- ----. |.----|...| ---..I..| --.--........ --- ---.--- --..%....---..--.--....- |...-------%...................>.| |...........(........------------- --..-------..|.|.--.-- ---- ------- --- puck the Skirmisher Experience level: 5 Strength: 17 Dexterity: 8 Constitution: 18 Intelligence: 10 Wisdom: 11 Charisma: 7 Health: 0(70) Energy: 32(32) Def: 4 Gold: 0 Moves: 2302 Dungeon seed: DQ7BjVH7D7cDPUde Game ID: puck_1559909147 Your Inventory: Weapons k - a blessed +1 long sword (weapon in hand) Armor e - an uncursed +3 small shield (being worn) Wands p - an uncursed wand of digging (0:2) Tools a - an uncursed bag of holding d - an uncursed oil lamp (lit) (0:1214) o - an uncursed skeleton key Contents of the bag of holding: 118 gold pieces an uncursed +0 chain mail an uncursed +0 elven leather helm a blessed +0 orcish helm an uncursed +0 pair of elven boots an uncursed +0 pair of gauntlets of dexterity 2 uncursed food rations an uncursed potion of levitation an uncursed scroll of scare monster an uncursed amulet versus poison a cursed ring of aggravate monster an uncursed ring of invisibility an uncursed ring of teleportation an uncursed leash an uncursed magic marker (0:89) Spells and supernatural/magical abilities: Name Level Category Cost Memory W - pray for help -- divine ? -- Your skills at the end: Fighting Skills wands [Basic] Weapon Skills dagger [Basic] long sword [Skilled] Spellcasting Skills Final Attributes: You were haltingly aligned. You were immune to cold. You were stealthy. You were held by a rope golem. You last prayed 282 turns ago. Tyr was noncommittal. You are dead. Vanquished creatures: a shrieker 6 gnome lords a guardian naga hatchling an elf zombie 2 dwarves 2 iguanas a large kobold a brown mold a yellow mold 14 gnomes 2 geckos 2 jackals 2 foxes a goblin 2 sewer rats 4 grid bugs a lichen a kobold zombie 2 newts 47 creatures vanquished. Voluntary challenges: You had been an atheist until turn 2017. You used a wielded weapon 107 times, starting on turn 256. You were illiterate. You never genocided any monsters. You never polymorphed an object. You never changed form. You used no wishes. You never split a pudding. You never wrote Elbereth's name. You violated your moral code, losing 21 points of alignment, starting on turn 2199. Dungeon overview: The Dungeons of Doom: levels 1 to 4 Level 1 a long staircase Level 2 a general store, a fountain Level 3 an armor shop, a fountain Level 4 a fountain stairs to The Gnomish Mines The Gnomish Mines: levels 5 to 10 Level 5 stairs to The Dungeons of Doom Level 6 Level 9 <- You were here Level 10 History has recorded: On T:1 you entered the Dungeons of Doom to retrieve the Amulet of Yendor! On T:383 you reached level 2 of The Dungeons of Doom. On T:617 you advanced to experience level 2. On T:768 you reached level 3 of The Dungeons of Doom. On T:1075 you advanced to experience level 3. On T:1180 you reached level 4 of The Dungeons of Doom. On T:1535 you reached level 1 of The Gnomish Mines. On T:1549 you advanced to experience level 4. On T:1915 you advanced to experience level 5. On T:1957 you reached level 2 of The Gnomish Mines. On T:2005 you reached level 5 of The Gnomish Mines. On T:2020 you reached level 6 of The Gnomish Mines. Score breakdown: Gold: 118 ( 7060 points) Experience: 5 levels (11141 points) Exploration: 10 levels ( 20.83%) (13127 points) Discoveries: 4 items ( 1.60%) ( 3794 points) Valuables value: (no points given unless you survive) Artifact value: 0 ( 0 points) Variety of kills: 19 monsters ( 5.00%) ( 6708 points) Turncount: 2302 turns ( -208 points) Survival: died (score multiplied by 80%) Total score: 33297 Latest messages: The flask crashes on the rope golem's head and breaks into shards. The puce potion evaporates. Something seems to be holding you. It must be a potion of paralysis. It hits! (2x) It bites! It hits! (2x) It bites! It hits! (2x) It bites! It hits! (2x) It bites! It hits! (2x) It bites! It hits! (2x) It bites! You can move again. [5 turns] You begin praying to Tyr. It hits! (2x) It bites! You die... For some reason, you think that you can almost hear the Wizard laugh manically... Final status: Farvel puck the Valkyrie, killed by an invisible quasit, while praying... You died in The Gnomish Mines on dungeon level 9 with 33297 points, and 118 pieces of gold, after 2302 moves. You were level 5 with a maximum of 70 hit points when you died.